 Dungeon Crawl Stone Soup version 0.27.0-1-g7a089689b8 (webtiles) character file.

Game seed: 14473784338119019917

586 UberPyro the Cutter (level 7, -2/46 HPs)
             Began as an Octopode Monk on Aug 6, 2021.
             Was an Elder of Kikubaaqudgha.
             Slain by an ogre (22 damage)
             ... while paralysed by Grinder
             ... on level 4 of the Dungeon.
             The game lasted 00:07:27 (3143 turns).

UberPyro the Cutter (Octopode Monk)                 Turns: 3143, Time: 00:07:28

Health: -2/46      AC:  1    Str: 12    XL:     7   Next: 37%
Magic:  7/7        EV:  2    Int: 12    God:    Kikubaaqudgha [****..]
Gold:   113        SH:  0    Dex: 15    Spells: 6/6 levels left

rFire    . . .     SeeInvis .   a - +0 short sword
rCold    . . .     Faith    .   (no shield)
rNeg     . . .     Spirit   .   (helmet restricted)
rPois    .         Reflect  .   (no amulet)
rElec    .         Harm     .   (no ring)
rCorr    .         Rampage  .   (no ring)
Will     .....                  (no ring)
Stlth    ++++......             (no ring)
HPRegen  0.15/turn              (no ring)
MPRegen  0.10/turn              (no ring)
                                (no ring)
                                (no ring)

@: paralysed, mighty
A: almost no armour, amphibious, 8 rings, camouflage 1, gelatinous body 1,
(nimble swimmer 1), tentacles
a: Renounce Religion, Receive Corpses


You were on level 4 of the Dungeon.
You worshipped Kikubaaqudgha.
Kikubaaqudgha was greatly pleased with you.
You visited 1 branch of the dungeon, and saw 4 of its levels.

You collected 113 gold pieces.

Inventory:

Hand Weapons
 a - a +0 short sword (weapon)
Scrolls
 b - a scroll of fog {unknown}
 c - a scroll of enchant armour
 e - 2 scrolls of teleportation {unknown}
 h - a scroll of fear {unknown}
 j - a scroll of magic mapping {unknown}
 l - 3 scrolls of identify
Potions
 d - 2 potions of heal wounds {unknown}
 f - 3 potions of curing {unknown}
 g - a potion of mutation {unknown}
 i - 3 potions of might
 k - a potion of lignification
 m - a potion of brilliance {unknown}


   Skills:
 - Level 3.0 Fighting
 + Level 7.7 Short Blades
 - Level 3.0 Dodging
 - Level 5.1 Stealth


You had 6 spell levels left.
You didn't know any spells.
Your spell library contained the following spells:

 Spells                   Type           Power      Damage    Failure   Level
 Animate Skeleton         Necr           0%         N/A       32%         1
 Pain                     Necr           0%         1d4       32%         1
 Sublimation of Blood     Necr           0%         N/A       45%         2
 Vampiric Draining        Necr           0%         2d6       69%         3
 Animate Dead             Necr           0%         N/A       97%         4
 Dispel Undead            Necr           0%         3d6       97%         4
 Borgnjor's Vile Clutch   Necr/Erth      0%         N/A       100%        5
 Death Channel            Necr           0%         N/A       100%        6
 Simulacrum               Ice/Necr       0%         N/A       100%        6


Dungeon Overview and Level Annotations

Branches:
Dungeon (4/15)
 Temple: D:4-7

Altars:
Elyvilon
Kikubaaqudgha
Qazlal
Sif Muna
Uskayaw

Annotations:
D:4 Grinder


Innate Abilities, Weirdness & Mutations

You cannot wear most types of armour.
You are amphibious.
You can wear up to eight rings at the same time.
Your skin changes colour to match your surroundings (Stealth+).
Your rubbery body absorbs attacks. (AC +1, EV +1)
((You are camouflaged near water. (Stealth+)))
You have tentacles for arms and can constrict up to eight enemies at once.


Message History

You completely miss the necrophage. You grab the necrophage.
You constrict the necrophage, but do no damage.
The necrophage hits you.
You feel drained.
You hit the necrophage. You squeeze the necrophage!
The necrophage is moderately damaged.
You constrict the necrophage.
An ogre comes into view. It is wielding a +0 giant club.
The necrophage misses you.
You completely miss the necrophage.
You squeeze the necrophage, but do no damage.
The necrophage is heavily damaged.
You constrict the necrophage. You hit the necrophage.
You squeeze the necrophage!
The necrophage is almost destroyed.
You constrict the necrophage.
You destroy the necrophage!
Kikubaaqudgha accepts your kill.
Your life force feels restored.
Grinder hits you.
You writhe in agony.
You barely miss Grinder. Your grab misses Grinder.
Grinder hits you but does no damage.
You hit Grinder but do no damage. You grab Grinder. You constrict Grinder.
You release your grip on Grinder.
Grinder gestures at you. Pain shoots through your body!
Grinder blinks!
You see here a +0 chain mail.
You feel very mighty all of a sudden.
The ogre hits you with a +0 giant club!!
Grinder blinks!
Grinder blinks!
There is a white marble altar of Elyvilon here.
Grinder gestures at you. You resist with significant effort.
Grinder says, "Tell me all your secrets, or I'll kill you."
Grinder gestures at you.
You suddenly lose the ability to move!
The ogre hits you with a +0 giant club!!
You die...
Kikubaaqudgha rasps: "You have failed me!
Welcome... death!"

....# ###.###....##
...#########..)#.......###
.....#...##.....#........#
.........###....##.......#
...#............#......###
.#.###...#...........###
.#.......#......##..##
.....(..........#...#
#.....[.........@O..#
#....>...##.....#..####
##.##.##.#.....###....#
##.#####......## #.#5.## .#.#
##..##.## ####..## ...#
###..##..# ####...#
...####.....#.####.....#####
...#.............#...#..#..##
...##.##.#...........###....#
#


You could see Grinder and an ogre.

Vanquished Creatures
  Eustachio (D:4)
  2 necrophages (D:4)
  Blork the orc (D:4)
  A jelly (D:4)
  2 iguanas (D:4)
  A hound skeleton (D:4)
  5 adders
  2 worms
  2 dart slugs
  6 ball pythons
  8 bats
  3 endoplasms
  3 giant cockroaches
  4 goblins
  7 hobgoblins
  7 jackals
  2 kobolds
  4 quokkas
  3 frilled lizards
  4 rats
68 creatures vanquished.

Notes
Turn   | Place    | Note
-------+----------+-------------------------------------------
     0 | D:1      | UberPyro the Octopode Monk began the quest for the Orb.
     0 | D:1      | Reached XP level 1. HP: 16/16 MP: 1/1
    68 | D:1      | Found a faded altar of an unknown god.
   104 | D:1      | Reached XP level 2. HP: 19/21 MP: 2/2
   214 | D:1      | Became a worshipper of Kikubaaqudgha
   214 | D:1      | Reached * piety under Kikubaaqudgha
   214 | D:1      | Received a gift from Kikubaaqudgha
   214 | D:1      | Reached ** piety under Kikubaaqudgha
   260 | D:1      | Reached skill level 4 in Short Blades
   324 | D:1      | Reached XP level 3. HP: 21/26 MP: 3/3
   454 | D:1      | Reached *** piety under Kikubaaqudgha
   454 | D:1      | Received a gift from Kikubaaqudgha
  1191 | D:2      | Found a stormy altar of Qazlal.
  1309 | D:3      | Reached XP level 4. HP: 28/31 MP: 4/4
  1464 | D:3      | Found a shimmering blue altar of Sif Muna.
  2491 | D:4      | Noticed Blork the orc
  2493 | D:4      | Reached skill level 5 in Short Blades
  2493 | D:4      | Reached XP level 5. HP: 36/36 MP: 5/5
  2497 | D:4      | Killed Blork the orc
  2498 | D:4      | Reached skill level 5 in Stealth
  2593 | D:4      | Reached XP level 6. HP: 42/42 MP: 6/6
  2654 | D:4      | Reached skill level 6 in Short Blades
  2658 | D:4      | Reached **** piety under Kikubaaqudgha
  2666 | D:4      | Noticed Eustachio
  2678 | D:4      | Killed Eustachio
  3022 | D:4      | Found a hide-covered altar of Uskayaw.
  3025 | D:4      | Found a white marble altar of Elyvilon.
  3028 | D:4      | Noticed a necrophage
  3034 | D:4      | Killed a necrophage
  3035 | D:4      | Reached skill level 7 in Short Blades
  3035 | D:4      | Reached XP level 7. HP: 46/46 MP: 7/7
  3099 | D:4      | Noticed Grinder
  3142 | D:4      | Paralysed by Grinder for 5 turns
  3143 | D:4      | Slain by an ogre

Illustrated notes

Levels and vault maps discovered:
D:1:      wander_arrival_fairy_ring, layout_rooms, basic_ecumenical_altar,
          minmay_tetromino_i2
D:2:      layout_rooms, basic_altar
D:3:      minmay_spotlight, layout_basic, nicolae_overflow_crystal_walls
D:4:      layout_cave_pools, grunt_temple_overflow_open, uniq_grinder,
          uniq_blork_the_orc, uniq_eustachio

Skill      XL: |  1  2  3  4  5  6 |
---------------+-------------------+-----
Short Blades   | 4 5 7 |  7.7
Stealth        | 3 4 5 |  5.1
Fighting       | |  3.0
Dodging        | |  3.0

Action                   |  1- 3 |  4- 6 |  7- 9 || total
-------------------------+-------+-------+-------++-------
Melee: Short sword       |    67 |    71 |     9 ||   147
       Constrict         |    16 |    14 |     2 ||    32
       Tentacles         |     7 |    12 |     3 ||    22
  Use: Scroll            |       |     2 |       ||     2
       Potion            |       |     2 |     1 ||     3
 Stab: Sleeping          |    12 |    11 |     1 ||    24
Armor: Skin              |     5 |     4 |     1 ||    10
Dodge: Dodged            |    40 |    31 |     3 ||    74
